 Dungeon Crawl Stone Soup version 0.31.0-32-g396128a36d (webtiles) character file.

Game seed: 12348265621496670508

43667 Peloso the Fencer (level 13, -3/123 (125) HPs)
             Began as a Minotaur Fighter on Apr 21, 2024.
             Was the Champion of Okawaru.
             Slain by an orc high priest
             ... wielding a +0 hand axe
              (13 damage)
             ... on level 1 of the Orcish Mines.
             The game lasted 00:52:19 (16854 turns).

Peloso the Fencer (Minotaur Fighter)               Turns: 16854, Time: 00:52:20

HP:   -3/123 (125)  AC: 28    Str: 21    XL:     13   Next: 92%
MP:   23/23         EV:  8    Int: 10    God:    Okawaru [******]
Gold: 300           SH: 13    Dex: 18    Spells: 12/12 levels left

rFire   . . .        a - +1 double sword (flame)
rCold   + . .        d - +0 kite shield {rC+}
rNeg    . . .        u - +2 plate armour {Will+}
rPois   .            h - +3 hat of Pondering {ponderous, Will+ MP+10 Int+5}
rElec   .            (no cloak)
rCorr   .            n - +0 pair of gloves {Dex+3}
SInv    .            o - +0 pair of boots
Will    ++...        s - amulet of regeneration Stlth
                     e - +4 ring of protection
HPRegen 1.20/turn    (no ring)
MPRegen 0.18/turn

%: no passive effects
@: lightly drained, slow
A: horns 2, retaliatory headbutt
a: Renounce Religion, Heroism, Finesse, Duel, Receive Weapon, Receive Armour


You were on level 1 of the Orcish Mines.
You worshipped Okawaru.
Okawaru was exalted by your worship.
You visited 4 branches of the dungeon, and saw 17 of its levels.
You also visited: Bailey and Ice Cave.

You collected 1476 gold pieces.
You spent 1176 gold pieces at shops.

Inventory:

Hand Weapons
 a - a +1 double sword of flaming (weapon)
 b - a +1 antimagic demon blade
 c - a +2 hand axe of flaming
Armour
 d - a +0 kite shield of cold resistance (worn)
 g - the +0 plate armour "Tezaosoz" {rF+ rN+ Stlth+}
   (You bought it in a shop on level 2 of the Dungeon)

   rF+:       It protects you from fire.
   rN+:       It protects you from negative energy.
   Stlth+:    It makes you more stealthy.
 h - the +3 hat of Pondering (worn) {ponderous, Will+ MP+10 Int+5}
   (You took it off Gastronok on level 8 of the Dungeon)

   Int+5:     It affects your intelligence (+5).
   Will+:     It increases your willpower.
   MP+10:     It affects your magic capacity (+10).
 n - a +0 pair of gloves of dexterity (worn)
 o - a +0 pair of boots (worn)
 u - a +2 plate armour of willpower (worn)
Jewellery
 e - a +4 ring of protection (left hand)
 s - an amulet of regeneration (around neck)
 B - a ring of protection from cold
 D - the ring of Duips {rElec rF+ rN+}
   (You found it in an ice cave)

   [ring of positive energy]

   rF+:       It protects you from fire.
   rElec:     It insulates you from electricity.
   rN+:       It protects you from negative energy.
 K - an amulet of faith
Talismans
 l - a blade talisman
Wands
 m - a wand of roots (6)
 x - a wand of mindburst (24)
Scrolls
 k - a scroll of teleportation
 p - a scroll of fog
 y - 2 scrolls of immolation
 z - a scroll of enchant armour
Potions
 f - 2 potions of resistance
 i - 4 potions of haste
 j - 3 potions of cancellation
 q - a potion of berserk rage
 r - a potion of magic
 t - 3 potions of brilliance
 w - 2 potions of might
 A - 2 potions of attraction
 E - 2 potions of mutation {unknown}
 F - 6 potions of curing
 G - a potion of ambrosia {unknown}
 H - a potion of invisibility {unknown}
 I - a potion of enlightenment
Miscellaneous
 v - a condenser vane


   Skills:
 + Level 14.6 Fighting
 + Level 17.6 Long Blades
 + Level 14.2 Armour
 + Level 3.7 Dodging
 + Level 1.1 Stealth
 + Level 11.2 Shields
 + Level 1.7 Invocations
 + Level 1.8 Evocations


You had 12 spell levels left.
You didn't know any spells.
Your spell library contained the following spells:

 Spells                   Type           Power      Damage    Failure   Level
 Freeze                   Ice            0%         1d3       100%        1
 Kiss of Death            Conj/Necr      0%         2d5       100%        1
 Blink                    Tloc           0%         N/A       100%        2
 Lesser Beckoning         Tloc           0%         N/A       100%        2
 Mercury Vapours          Alch/Air       0%         N/A       100%        2
 Momentum Strike          Conj/Tloc      0%         3d8       100%        2
 Confusing Touch          Hex            0%         N/A       100%        3
 Frozen Ramparts          Ice            0%         1d1       100%        3
 Hailstorm                Conj/Ice       0%         3d5       100%        3
 Mephitic Cloud           Conj/Alch/Air  0%         N/A       100%        3
 Dispel Undead            Necr           0%         3d6       100%        4
 Passage of Golubria      Tloc           0%         N/A       100%        4
 Freezing Cloud           Conj/Ice/Air   0%         6-21      100%        5
 Yara's Violent Unravell  Hex/Alch       0%         3d3       100%        5
 Tukima's Dance           Hex            Unusable   N/A       N/A         3

Dungeon Overview and Level Annotations

Branches:
Dungeon (11/15)            Temple (1/1) D:7            Lair (3/5) D:10
 Shoals (0/4) Lair:3       Spider (0/4) Lair:2          Orc (2/2) D:10
    Elf (0/3) Orc:2        Bailey (visited)           IceCv (visited)

Altars:
Ashenzari
Cheibriados
Dithmenos
Elyvilon
Fedhas
Gozag
Hepliaklqana
Kikubaaqudgha
Makhleb
Nemelex Xobeh
Okawaru
Qazlal
Ru
Sif Muna
Trog
Uskayaw
Vehumet
Wu Jian
Xom
Yredelemnul
Zin
The Shining One

Shops:
D:2 !?[(   D:4 :   D:6 ?   D:10 [   Orc:2 *([:

Annotations:
D:9 3 runed translucent doors, Route97's ghost, novice GnHu


Innate Abilities, Weirdness & Mutations

You have a pair of horns on your head.
You reflexively headbutt those who attack you in melee.


Message History

You block the troll's attack. The troll claws you.
The troll claws you but does no damage.
The orc knight shoots a bolt.
The bolt hits you. You block the orc warrior's attack.
The orc high priest prays to Beogh.
An orc sorcerer comes into view. It is wielding a +0 dagger.
An orc knight comes into view. It is wielding a +0 war axe.
You block the troll's attack. The troll completely misses you.
The troll barely misses you.
A kobold blastminer comes into view.
The orc sorcerer shouts!
The orc knight shouts!
The kobold blastminer shouts!
The orc warrior hits you with a +0 scimitar!
* * * LOW HITPOINT WARNING * * *
An orc warrior comes into view. It is wielding a +0 mace.
Unknown command.
Found Diankun's Book Emporium.
A nearby fungus withers and dies.
The orc warrior attacks as it pursues you!
The orc warrior closely misses you.
Unknown command.
The orc warrior attacks as it pursues you!
The orc warrior hits you with a +0 scimitar!
* * * LOW HITPOINT WARNING * * *
The orc warrior attacks as it pursues you!
The orc warrior hits you from afar with a +0 glaive!
* * * LOW HITPOINT WARNING * * *
There is a stone staircase leading up here.
The kobold blastminer wields a +1 heavy arbalest.
The kobold blastminer shoots a bolt.
The bolt hits you!
* * * LOW HITPOINT WARNING * * *
You block the orc warrior's attack.
The orc high priest hits you but does no damage.
The orc knight roars a battlecry!
The orcs go into a battle-frenzy!
You block the orc warrior's attack.
You climb upwards.
There is a stone staircase leading down here.
Okay, then.
Okay, then.
It was a potion of curing.
You feel better. You block the orc warrior's attack.
The orc high priest hits you with a +0 hand axe!
You die...

#......#...........### ##
##................##.###.
##...............##...###
##.................#...###
##.#.#.........[[........##
#.......................##.
##....................#.#..
#.........o..............#.
##.#......@.............###
##....#.o.........#.#.##
##.####.##.#.##.###### ###
###########


You could see an orc high priest (strong) and an orc warrior (strong).

Vanquished Creatures
  Gastronok (D:8)
  An orc warlord (Orc:1)
  An ettin (Orc:1)
  A hydra (Lair:3)
  Erolcha (D:9)
  A boulder beetle (D:9)
  A two-headed ogre (D:10)
  6 death yaks (Lair:1)
  2 orc high priests (Orc:2)
  Urug (D:10)
  A necromancer (IceCv)
  6 orc sorcerers
  A manticore (D:11)
  A cyclops (D:9)
  2 merfolk sirens (Lair:3)
  An ice statue (IceCv)
  Joseph (D:7)
  A kobold blastminer (Orc:2)
  5 elephants (Lair:3)
  A torpor snail (Lair:3)
  A black mamba (Lair:1)
  2 gargoyles
  5 cane toads
  4 kobold demonologists (D:10)
  5 freezing wraiths (IceCv)
  6 komodo dragons
  2 anaconda simulacra (IceCv)
  10 ice devils (IceCv)
  4 trolls
  2 merfolk (Lair:3)
  2 polar bears
  2 dire elephant simulacra (IceCv)
  24 yaks
  A vampire (Bailey)
  3 wyverns
  2 basilisks
  3 wargs
  5 death yak simulacra (IceCv)
  3 vampire mosquitoes (D:8)
  3 harpy simulacra (IceCv)
  5 water moccasins
  Edmund (D:4)
  An acid dragon (D:9)
  A hydra simulacrum (IceCv)
  2 black bears
  11 orc warriors
  9 ogres
  10 wolves
  3 centaurs
  A weeping skull (D:7)
  9 bullfrogs
  6 kobold brigands
  3 scorpions
  3 cane toad simulacra (IceCv)
  10 wights
  4 elephant simulacra (IceCv)
  14 killer bees
  7 vampire bats (Bailey)
  3 howler monkeys (D:10)
  4 bombardier beetles
  2 wolf zombies (Bailey)
  2 jellies
  12 orc priests
  A gnoll bouda (D:7)
  A hound (D:3)
  28 orc wizards
  3 sleepcaps
  5 iguanas
  6 hell rats (Lair:1)
  A polar bear simulacrum (IceCv)
  7 wolf simulacra (IceCv)
  5 gnolls (D:7)
  2 naga simulacra (IceCv)
  5 adders
  A shadow imp (D:7)
  15 white imps
  3 ufetubi
  2 dart slugs
  A ribbon worm (D:2)
  55 orcs
  6 endoplasms
  4 giant cockroaches
  8 goblins
  18 hobgoblins
  12 jackals
  3 quokkas
  11 ball pythons
  8 bats
  2 frilled lizards
  35 kobolds
  18 orc zombies (Bailey)
  8 rats
  A spectral orc (D:7)
523 creatures vanquished.

Vanquished Creatures (others)
  An orc wizard (D:11)
  An orc (Orc:2)
2 creatures vanquished.

Grand Total: 525 creatures vanquished

Notes
Turn   | Place    | Note
-------+----------+-------------------------------------------
     0 | D:1      | Peloso the Minotaur Fighter began the quest for the Orb.
     0 | D:1      | Reached XP level 1. HP: 19/19 MP: 0/0
   111 | D:1      | Reached XP level 2. HP: 24/27 MP: 1/1
   292 | D:1      | Reached skill level 3 in Long Blades
   400 | D:1      | Reached XP level 3. HP: 33/33 MP: 2/2
  1109 | D:2      | Found Joif's Antique Weapon Boutique.
  1385 | D:2      | Found Ugaenkeu's Magic Scroll Boutique.
  1396 | D:2      | Reached XP level 4. HP: 38/40 MP: 3/3
  1525 | D:2      | Found Acuvyxe's Distillery.
  1768 | D:2      | Found Asimn's Jewellery Emporium.
  1843 | D:2      | Found Pimuir's Antique Armour Emporium.
  2080 | D:3      | Found an opulent altar of Gozag.
  2522 | D:4      | Reached XP level 5. HP: 46/47 MP: 4/4
  2532 | D:4      | Found a snail-covered altar of Cheibriados.
  2647 | D:4      | Reached skill level 4 in Long Blades
  2660 | D:4      | Reached skill level 5 in Fighting
  2840 | D:4      | Noticed a centaur
  2853 | D:4      | Killed a centaur
  2854 | D:4      | Reached skill level 1 in Dodging
  2860 | D:3      | Reached XP level 6. HP: 24/56 MP: 5/5
  3082 | D:4      | Found a shimmering blue altar of Sif Muna.
  3082 | D:4      | Noticed Edmund
  3106 | D:4      | Killed Edmund
  3107 | D:4      | Reached skill level 5 in Long Blades
  3107 | D:4      | Reached skill level 5 in Armour
  3447 | D:4      | Found Gexteph's Book Shoppe.
  3565 | D:4      | Reached XP level 7. HP: 58/62 MP: 6/6
  3742 | D:5      | Entered Level 5 of the Dungeon
  3956 | D:5      | Reached skill level 6 in Long Blades
  4145 | D:5      | Identified the +0 leather armour of the Blind Marksman
                  | {+Inv Int+2 Dex-2}
  4289 | D:5      | Found a bloodstained altar of Trog.
  4434 | D:5      | Found a shimmering altar of Xom.
  4535 | D:6      | Found Kuev's Magic Scroll Shoppe.
  4602 | D:6      | Reached XP level 8. HP: 71/71 MP: 7/7
  4739 | D:6      | Reached skill level 5 in Shields
  4959 | D:6      | Reached skill level 7 in Long Blades
  5332 | D:7      | Found a glowing golden altar of the Shining One.
  5341 | D:7      | Noticed Joseph
  5361 | D:7      | Killed Joseph
  5362 | D:7      | Reached skill level 8 in Long Blades
  5446 | D:7      | Found a glowing silver altar of Zin.
  5510 | D:7      | Reached XP level 9. HP: 70/79 MP: 8/8
  5670 | D:7      | Found a basalt altar of Yredelemnul.
  5680 | D:7      | Reached skill level 9 in Long Blades
  5680 | D:7      | Reached skill level 1 in Evocations
  5863 | D:7      | Found a staircase to the Ecumenical Temple.
  5882 | Temple   | Entered the Ecumenical Temple
  5891 | Temple   | Became a worshipper of Warmaster Okawaru
  6548 | D:2      | Bought a double sword for 420 gold pieces
  6718 | D:8      | Noticed Gastronok
  6786 | D:8      | Reached skill level 10 in Long Blades
  6790 | D:8      | Reached * piety under Okawaru
  7000 | D:8      | Reached skill level 11 in Long Blades
  7286 | D:9      | Reached ** piety under Okawaru
  7294 | D:9      | Reached XP level 10. HP: 90/90 MP: 9/9
  7548 | D:9      | Found a flagged portal.
  7563 | Bailey   | Entered a bailey
  8167 | Bailey   | Noticed a gargoyle
  8182 | Bailey   | Killed a gargoyle
  8347 | Bailey   | Identified the +0 leather armour of Gehenna {Int+5}
  8476 | D:9      | Found a white marble altar of Elyvilon.
  8568 | D:9      | Noticed Erolcha
  8594 | D:9      | Killed Erolcha
  8595 | D:9      | Reached skill level 12 in Long Blades
  8602 | D:9      | Noticed a cyclops
  8612 | D:9      | Killed a cyclops
  8612 | D:9      | Reached *** piety under Okawaru
  8953 | D:9      | Found a runed translucent gate.
  8953 | D:9      | Found a runed translucent gate.
  8953 | D:9      | Found a runed translucent gate.
  8954 | D:9      | Noticed a spectral centaur warrior
  8954 | D:9      | Noticed Route97's ghost (novice GnHu)
  8955 | D:9      | Noticed a spectral centaur warrior
  9272 | D:10     | Entered Level 10 of the Dungeon
  9300 | D:9      | Reached skill level 13 in Long Blades
  9325 | D:10     | Reached skill level 10 in Fighting
  9328 | D:10     | Reached **** piety under Okawaru
  9607 | D:10     | Reached XP level 11. HP: 85/100 MP: 10/10
  9673 | D:10     | Reached skill level 10 in Armour
  9861 | D:10     | Noticed a two-headed ogre
  9869 | D:10     | Killed a two-headed ogre
  9908 | D:10     | Found a staircase to the Orcish Mines.
  9912 | D:10     | Reached skill level 14 in Long Blades
 10001 | D:10     | Found a staircase to the Lair.
 10006 | D:10     | Reached ***** piety under Okawaru
 10068 | D:10     | Noticed a boulder beetle
 10115 | D:9      | Killed a boulder beetle
 10312 | D:10     | Found Voirr's Antique Armour Boutique.
 10678 | D:11     | Found a stormy altar of Qazlal.
 11288 | Lair:1   | Entered Level 1 of the Lair of Beasts
 11354 | Lair:1   | Received a gift from Okawaru
 11547 | Lair:1   | Noticed a death yak
 11565 | Lair:1   | Killed a death yak
 11648 | Lair:1   | Noticed a death yak
 11648 | Lair:1   | Noticed a death yak
 11648 | Lair:1   | Noticed a death yak
 11648 | Lair:1   | Noticed a death yak
 11648 | Lair:1   | Noticed a death yak
 11659 | Lair:1   | Killed a death yak
 11668 | Lair:1   | Killed a death yak
 11669 | Lair:1   | Reached skill level 15 in Long Blades
 11669 | Lair:1   | Reached XP level 12. HP: 80/112 MP: 9/11
 11678 | Lair:1   | Killed a death yak
 11693 | Lair:1   | Killed a death yak
 11726 | Lair:1   | Killed a death yak
 11727 | Lair:1   | Reached skill level 1 in Invocations
 12265 | Lair:2   | Found a hole to the Spider Nest.
 12456 | Lair:2   | Reached ****** piety under Okawaru
 12679 | Lair:2   | Received a gift from Okawaru
 12747 | Lair:2   | Reached skill level 16 in Long Blades
 13126 | Lair:3   | Found a frozen archway.
 13142 | IceCv    | Entered an ice cave
 13152 | IceCv    | Reached skill level 1 in Stealth
 13342 | IceCv    | Received a gift from Okawaru
 13509 | IceCv    | Found an ancient bone altar of Kikubaaqudgha.
 13532 | IceCv    | Reached XP level 13. HP: 117/122 MP: 13/13
 14022 | IceCv    | Received a gift from Okawaru
 14039 | IceCv    | Identified the ring of Duips {rElec rF+ rN+}
 14199 | Lair:3   | Reached skill level 17 in Long Blades
 14203 | Lair:3   | Reached skill level 10 in Shields
 14510 | Lair:3   | Found a staircase to the Shoals.
 14879 | Orc:1    | Entered Level 1 of the Orcish Mines
 14881 | Orc:1    | Noticed Urug
 15033 | D:8      | Killed Gastronok
 15357 | D:10     | Killed Urug
 15387 | Orc:1    | Paralysed by an orc sorcerer for 5 turns
 15764 | D:2      | Bought a steaming plate armour for 756 gold pieces
 15764 | D:2      | Identified the +0 plate armour "Tezaosoz" {rF+ rN+ Stlth+}
                  | (You bought it in a shop on level 2 of the Dungeon)
 16124 | Orc:1    | Noticed an ettin
 16133 | Orc:1    | Killed an ettin
 16314 | Orc:2    | Entered Level 2 of the Orcish Mines
 16314 | Orc:2    | Found a staircase to the Elven Halls.
 16320 | Orc:2    | Noticed an orc warlord
 16489 | Orc:1    | Killed an orc warlord
 16489 | Orc:1    | Received a gift from Okawaru
 16665 | Orc:2    | Found Hoidgh's Antique Weapon Shop.
 16712 | Orc:2    | Found Erchusm's General Store.
 16842 | Orc:2    | Noticed an orc warlord
 16846 | Orc:2    | Found Vaytaxoa's Antique Armour Emporium.
 16850 | Orc:2    | Found Diankun's Book Emporium.
 16852 | Orc:2    | HP: 1/123 [kobold blastminer/bolt (16)]
 16854 | Orc:1    | Slain by an orc high priest

Illustrated notes

Levels and vault maps discovered:
D:1:      roderic_octagonal_star, layout_loops_corners, st_stairs_13,
          serial_park_tiny_1
D:2:      layout_basic, serial_shops, nicolae_shop_advertising_works
          [nicolae_subvault_shop_adworks], shop, nicolae_shop_statue_plus,
          nicolae_shop_trees, shop
D:3:      layout_loops_cross, nicolae_gozag_cash_rules_everything_around_me
D:4:      layout_cave_pools, kennysheep_slug_shrine,
          mainiacjoe_overflow_24_doors, serial_column_ruins, column_ruins_hut,
          column_ruins_square_medium, column_ruins_corridor_dead_end,
          column_ruins_open_medium, column_ruins_open_tiny, column_ruins_grid_1,
          column_ruins_columns_plus, serial_shops,
          nicolae_shop_just_a_little_nook, uniq_edmund
D:5:      layout_rooms, kennysheep_mini_moat, general_overflow_altar
D:6:      layout_gridville, serial_shops, kennysheep_little_box, billiards_dpeg
D:7:      layout_loops_ring, mainiacjoe_overflow_big_doors,
          yredelemnul_forgotten_temple_becter, nicolae_underground_beach,
          uniq_joseph
D:8:      layout_cave_pools, uniq_gastronok
D:9:      layout_grid_maze, mainiacjoe_overflow_surrounded_room,
          gammafunk_ghost_necromancy, enter_bailey_4, uniq_erolcha
D:10:     layout_basic, grunt_lair_entry_orc_guard_hut, david_orc_3,
          serial_shops, nicolae_shop_overgrown_old_shop
D:11:     layout_irregular_city, grunt_qazlal_sundering
Temple:   nicolae_temple_bog_church
Lair:1:   layout_long_grid
Lair:2:   layout_long_grid, spider_nest_entry_web_field
Lair:3:   layout_roguey, elwin_shoals_entry_stream, portal_ice_cave_entry_imps
Orc:1:    layout_caves, basic_altar, uniq_urug
Orc:2:    grunt_orc_gardens, layout_caves, grunt_orc_garden, grunt_orc_garden,
          grunt_orc_garden, grunt_orc_garden, regret_index_xom_of_box

Skill      XL: |  1  2  3  4  5  6  7  8  9 10 11 12 13 |
---------------+----------------------------------------+-----
Fighting       | 4 5 6 7 8 10 11 13 14 | 14.6
Armour         | 4 5 6 7 9 11 13 14 | 14.2
Long Blades    | 3 4 5 6 8 11 13 15 16 17 | 17.6
Shields        | 4 5 6 7 8 9 11 | 11.2
Dodging        | 1 2 3 |  3.7
Evocations     | 1 |  1.8
Invocations    | 1 |  1.7
Stealth        | 1 |  1.1

Action                     |  1- 3 |  4- 6 |  7- 9 | 10-12 | 13-15 || total
---------------------------+-------+-------+-------+-------+-------++-------
  Melee: Long sword        |   104 |   180 |   213 |       |       ||   497
         Headbutt          |    11 |    31 |    76 |   160 |    77 ||   355
         Double sword      |       |       |    97 |   701 |   315 ||  1113
 Invoke: Heroism           |       |       |       |    10 |     6 ||    16
  Evoke: Wand              |       |       |     8 |    10 |       ||    18
    Use: Scroll            |     2 |     3 |     4 |    20 |     5 ||    34
         Potion            |     1 |       |     3 |     1 |     2 ||     7
 Armour: Scale mail        |    99 |   139 |    16 |       |       ||   254
         Plate armour      |       |       |   263 |   726 |   235 ||  1224
  Dodge: Dodged            |    56 |    95 |   102 |   249 |    91 ||   593
  Block: Buckler           |    27 |    54 |    75 |   210 |       ||   366
         Kite shield       |       |       |       |     9 |   225 ||   234
